 Dungeon Crawl Stone Soup version 0.18-a0-1267-gff090c1 (webtiles) character file.

83 SwimG the Shooter (level 4, 0/39 HPs)
             Began as a Deep Dwarf Hunter on Feb 6, 2016.
             Slain by an orc
             ... wielding a +0 flail
              (4 damage)
             ... while paralysed by Grinder
             ... on level 3 of the Dungeon.
             The game lasted 00:39:03 (2674 turns).

SwimG the Shooter (Deep Dwarf Hunter)               Turns: 2674, Time: 00:39:03

Health: 0/39       AC:  7    Str: 16    XL:     4   Next: 22%
Magic:  4/4        EV:  2    Int: 11    God:
Gold:   136        SH:  0    Dex: 14    Spells: 0 memorised, 3 levels left

rFire  . . .     SeeInvis .     b - +0 short sword
rCold  . . .     Gourm    .     n - +0 scale mail
rNeg   . . .     Faith    .     (no shield)
rPois  .         Spirit   .     o - +0 helmet (curse)
rElec  .         Dismiss  .     (no cloak)
rCorr  .         Reflect  .     (no gloves)
SustAt .         Harm     .     (no boots)
MR     .....                    (no amulet)
Stlth  ..........               (no ring)
                                (no ring)

@: paralysed, non-regenerating, not resistant to hostile enchantments, extremely
unstealthy
A: damage resistance, recharge devices, sense surroundings 1, slow regeneration
3
a: Device Recharging


You were on level 3 of the Dungeon.
You were not hungry.

You visited 1 branch of the dungeon, and saw 3 of its levels.

You collected 136 gold pieces.

Inventory:

Hand Weapons
 a - a +1 shortbow
 b - a +0 short sword (weapon)
 h - a +0 hand axe
 r - a +0 dagger
 u - a +0 whip
 A - a +0 dagger
 C - a +0 hand axe
 E - a +0 dagger
 I - a +0 rapier
 J - a +0 dagger
 K - a +0 whip
Missiles
 i - 27 poisoned needles
 m - 27 sling bullets
 t - 58 stones (quivered)
 G - 3 curare-tipped needles
Armour
 c - a +0 leather armour
 n - a +0 scale mail (worn)
 o - a cursed +0 helmet (worn)
 v - a +1 ring mail of fire resistance
 w - a +0 buckler
 y - a cursed -1 leather armour
 B - a +0 ring mail
Jewellery
 g - a cursed ring of loudness {unknown}
Wands
 e - a wand of heal wounds (4/9)
Scrolls
 j - a scroll of random uselessness {unknown}
 p - a scroll of fear {unknown}
 q - a scroll of magic mapping {unknown}
 s - a scroll of identify {unknown}
 H - a scroll of enchant armour {unknown}
Potions
 l - 3 potions of might {unknown}
 x - 2 potions of curing
 z - a potion of flight {unknown}
 D - 2 potions of brilliance
Comestibles
 f - a bread ration
 F - a meat ration


   Skills:
 + Level 1.8 Fighting
 + Level 4.1 Bows
 + Level 0.9 Armour
 + Level 2.4 Dodging
 + Level 1.2 Stealth


You had 3 spell levels left.
You didn't know any spells.

Dungeon Overview and Level Annotations

Branches:
Dungeon (3/15)

Altars:

Annotations:
D:3 Grinder


Innate Abilities, Weirdness & Mutations

You are resistant to damage.
You can recharge devices by infusing magical energy.
You passively map a small area around you.
You do not regenerate naturally.


Message History

Grinder gestures at you. Pain shoots through your body!
* * * LOW HITPOINT WARNING * * *
The orc barely misses you.
You hit Grinder.
Grinder is lightly wounded.
Grinder hits you.
You writhe in agony.
The orc barely misses you.
You hit Grinder.
Grinder is lightly wounded.
Grinder barely misses you. The orc hits you but does no damage.
You hit Grinder.
Grinder is moderately wounded.
Grinder gestures.
Grinder blinks!
The orc closely misses you. Grinder gestures at you.
You suddenly lose the ability to move!
Grinder gestures.
Grinder blinks!
The orc hits you with a flail.
You die...

, * <,, ,* , #.# ..
,, #.# *.. , ####
#ยง#### #. , ** #..
.....# #. . #.* #.#*
#....#* , #.
o.#.#######.####....#
, #
.............(##....#
, #
...............o@.5.#
#
...[..(.(..(.(#####.#
* # )(.(..(....((.# *
# ..............#**
,** # ########...(..#
,, * # ##......######
** , # ........oh.<#
,##..((..##### * *
######.. ,


You could see Grinder and an orc.

Vanquished Creatures
  3 adders (D:2)
  An ooze (D:1)
  2 giant geckos
  2 giant cockroaches (D:1)
  2 goblins (D:2)
  11 hobgoblins
  5 jackals
  6 bats (D:2)
  3 giant newts
  6 kobolds
  6 rats
47 creatures vanquished.

Notes
Turn   | Place    | Note
--------------------------------------------------------------
     0 | D:1      | SwimG the Deep Dwarf Hunter began the quest for the Orb.
     0 | D:1      | Reached XP level 1. HP: 19/19 MP: 1/1
    36 | D:1      | Reached skill level 3 in Bows
   375 | D:1      | Reached XP level 2. HP: 19/26 MP: 2/2
  1274 | D:2      | Reached XP level 3. HP: 23/32 MP: 3/3
  1700 | D:2      | Reached skill level 4 in Bows
  1788 | D:2      | Reached XP level 4. HP: 25/39 MP: 4/4
  2415 | D:3      | Noticed Grinder
  2463 | D:3      | Paralysed by Grinder for 3 turns
  2468 | D:3      | Paralysed by Grinder for 4 turns
  2471 | D:3      | HP: 1/39 [orc/flail (4)]
  2658 | D:3      | Paralysed by Grinder for 3 turns
  2672 | D:3      | Paralysed by Grinder for 4 turns
  2674 | D:3      | Slain by an orc

Vault maps used:
D:1:      ncdulo_halloftheorcs
D:3:      ecumenical_altar_1, uniq_grinder

Action                   |  1- 3 |  4- 6 || total
-------------------------+-------+-------++-------
Melee: Shortbow          |       |    23 ||    23
       Short sword       |       |    20 ||    20
 Fire: Shortbow          |   122 |    46 ||   168
Throw: Stone             |       |    18 ||    18
Evoke: Wand              |       |     1 ||     1
  Use: Potion            |       |     5 ||     5
  Eat: Fruit             |     3 |       ||     3
       Bread ration      |       |     1 ||     1
